Map: Abyssal Reef LE

Players

MemeSchool - Winner!

  • Race: Zerg Zerg
  • League: Grandmaster
  • Spawn Location: 5:00

Railgan

  • Race: Zerg Zerg
  • League: Grandmaster
  • Spawn Location: 11:00

VOD

Have the link to the VOD?

Description

Time

  • Played on: March 12, 2017, 5:48 p.m.
  • Length: 7:53
Show
View Real Time Build Order
Export as new Build Order

MemeSchool Zerg - Winner!

Build Orders: Pool First 

Get SALT Encoding   

  12  0:00  Drone  
  13  0:08  Extractor  
  12  0:24  Spawning Pool  
  11  0:29  Drone  
  11  0:33  Drone  
  13  0:40  Drone  
  14  0:52  Overlord  
  14  1:10  Metabolic Boost  
  14  1:11  Zergling x2  
  14  1:12  Zergling x2  
  14  1:15  Zergling x2  
  17  1:23  Zergling x2  
  18  1:29  Queen  
  20  1:52  Hatchery  
  19  1:55  Zergling x2  
  19  2:00  Zergling x2  
  21  2:04  Zergling x2  
  22  2:10  Overlord  
  21  2:38  Drone x5  
  26  2:45  Drone  
  27  2:53  Drone  
  28  3:05  Drone  
  28  3:09  Drone  
  28  3:10  Queen  
  28  3:11  Drone, Overlord  
  32  3:14  Drone  
  32  3:15  Drone  
  32  3:18  Drone  
  35  3:27  Drone  
  34  3:30  Extractor, Overlord  
  33  3:38  Drone  
  34  3:42  Drone  
  34  3:44  Drone  
  34  3:46  Drone  
  34  3:47  Overlord  
  37  3:54  Drone  
  37  3:58  Drone  
  38  4:06  Drone  
  38  4:07  Lair  
  38  4:09  Drone, Evolution Chamber  
  39  4:13  Drone x3  
  42  4:24  Zergling x6  
  45  4:25  Evolution Chamber, Zergling x2  
  45  4:35  Zerg Missile Weapons Level 1, Drone  
  45  4:36  Roach Warren  
  47  4:38  Drone  
  47  4:41  Extractor  
  46  4:48  Drone, Evolution Chamber  
  46  4:50  Queen  
  49  5:00  Evolution Chamber  
  49  5:03  Drone  
  49  5:05  Evolution Chamber  
  49  5:06  Queen  
  50  5:16  Roach x3  
  60  5:21  Roach x2  
  60  5:32  Evolution Chamber  
  59  5:41  Queen  
  56  5:46  Drone x3  
  56  5:48  Drone  
  60  5:55  Overlord  
  61  5:58  Evolution Chamber  
  61  6:01  Overlord  
  60  6:14  Roach x4  
  60  6:17  Overlord  
  68  6:20  Extractor  
  67  6:29  Roach Warren  
  66  6:35  Zergling x10  
  66  6:38  Zergling x4  
  73  6:44  Hatchery, Zergling x2  
  74  6:48  Zergling x2  
  74  6:52  Overlord x2  
  75  6:54  Overlord  
  75  6:57  Overlord  
  75  7:08  Overlord  
  75  7:15  Zergling x10  
  80  7:17  Ravager x8  
  88  7:24  Overlord  
  88  7:26  Zergling x2  
  88  7:27  Zergling x8  
  93  7:33  Drone x2  
  95  7:38  Drone  
Show
View Real Time Build Order
Export as new Build Order

Railgan Zerg 

Build Orders: Pool First 

Get SALT Encoding   

  12  0:01  Drone  
  13  0:13  Overlord  
  13  0:17  Drone  
  14  0:31  Drone x2  
  14  0:35  Drone  
  17  0:47  Spawning Pool  
  17  0:48  Drone  
  17  0:57  Drone  
  17  1:02  Extractor  
  17  1:17  Drone  
  17  1:18  Hatchery  
  17  1:20  Drone  
  18  1:28  Drone  
  19  1:35  Queen  
  21  1:42  Spine Crawler  
  21  1:43  Zergling x2  
  21  1:50  Drone  
  22  2:00  Overlord  
  22  2:18  Queen  
  22  2:21  Drone, Metabolic Boost  
  22  2:22  Drone  
  26  2:31  Zergling x2  
  26  2:33  Queen  
  26  2:35  Zergling x2  
  28  2:45  Zergling x2  
  27  2:54  Zergling x2  
  27  2:58  Zergling x4  
  24  3:22  Zergling x2  
  21  3:30  Drone  
  21  3:31  Drone x2, Baneling Nest  
  21  3:32  Drone  
  21  3:33  Zergling x2  
  25  3:37  Drone  
  26  3:46  Zergling x2  
  27  3:48  Zergling x2  
  27  3:52  Zergling x2  
  28  3:57  Zergling x2  
  28  3:59  Zergling x2  
  28  4:01  Drone  
  31  4:05  Drone  
  31  4:07  Drone  
  33  4:10  Drone  
  33  4:15  Overlord  
  34  4:19  Drone  
  34  4:21  Drone  
  36  4:30  Baneling  
  36  4:31  Baneling  
  36  4:36  Zergling x8  
  40  4:39  Baneling  
  40  4:41  Baneling x3  
  40  4:42  Zergling x2  
  41  4:47  Overlord  
  41  4:56  Zergling x2  
  41  4:57  Zergling x4  
  41  4:59  Overlord  
  44  5:04  Baneling x2  
  44  5:05  Baneling  
  44  5:07  Zergling x2  
  44  5:08  Zergling x2  
  46  5:16  Overlord  
  46  5:17  Zergling x4  
  48  5:23  Zergling x6  
  38  5:43  Zergling x10  
  42  5:51  Baneling x4  
  42  5:53  Zergling x8  
  42  5:54  Zergling x2  
  46  6:06  Zergling x4  
  48  6:17  Drone x7  
  48  6:18  Drone  
  54  6:29  Drone x2  
  50  6:41  Overlord  
  50  6:42  Extractor, Roach Warren, Drone  
  50  6:43  Extractor, Lair  
  50  6:46  Drone  
  50  6:47  Drone x3  
  50  6:53  Overlord  
  51  6:54  Drone x2  
  51  6:57  Extractor  
  51  7:00  Evolution Chamber  
  50  7:10  Drone x3  
  53  7:23  Baneling  
  53  7:24  Roach x7  
  67  7:30  Drone  
  67  7:31  Drone  
  67  7:35  Drone  
Tags
 
Add a new tag
Caveats
  • Supply blocks, unpowered buildings, or Contaminate may cause inaccurate times.
  • Supply counts are checked every 10 seconds.